Canucks vs Devils
Created - 4 janvier 2014 at 10:08
Goals
|
| Canucks |
1 |
0 |
0 |
0 |
0 |
1 |
| Devils |
0 |
1 |
0 |
0 |
2 |
2 |
|
Shots
|
| Canucks |
5 |
19 |
11 |
3 |
2 |
38 |
| Devils |
13 |
10 |
11 |
2 |
2 |
36 |
|
1st period
1. Canucks , Matt Stajan 7 (Zigmund Palffy, François Beauchemin) at 8:08
Penalties :
No Penalty
2nd period
2. Devils , Henrik Zetterberg 15 (Ben Lovejoy) at 15:37 (PP)
Penalties :
Henrik Zetterberg (NJD) for Hooking (Minor) at 5:28, Ryan Getzlaf (Van) for Slashing (Minor) at 5:28, David Jones (Van) for Roughing (Minor) at 14:57
3rd period
No Goal
Penalties :
Marian Hossa (NJD) for Slashing (Minor) at 0:30, Fabian Brunnstrom (Van) for Hooking (Minor) at 0:30, Tomas Holmstrom (NJD) for Tripping (Minor) at 5:39, Daniel Paille (Van) for Holding (Minor) at 5:39
Overtime #1
No Goal
Penalties :
No Penalty
Shootout
Penalty Shot by Jaromir Jagr for Canucks - Stopped by Jimmy Howard
Penalty Shot by Vincent Lecavalier for Devils - Goal!
Penalty Shot by Peter Worrell for Canucks - Stopped by Jimmy Howard
Penalty Shot by Henrik Zetterberg for Devils - Goal!
Penalties :
No Penalty
Goalie Stats
Carey Price (Van), 35 saves from 36 shots - (0,972), OTL, 12-13-2, 65:00 minutes
Jimmy Howard (NJD), 37 saves from 38 shots - (0,974), W, 13-12-2, 65:00 minutes
Players Stats for Canucks
Player Name G A P +/- PIM S H SB GA TA FO MP PP MP PK MP
------------------------------------------------------------------------------------
Brent Sopel 0 0 0 0 0 6 2 3 0 1 0/0 25:26 0:00 0:14
Clarke MacArthur 0 0 0 0 0 5 4 1 2 0 3/3 20:02 0:00 0:05
Daniel Paille 0 0 0 0 2 0 2 0 0 0 0/1 8:18 0:00 0:00
David Jones 0 0 0 0 2 1 2 0 1 1 0/0 14:46 0:00 0:00
Derian Hatcher 0 0 0 1 0 1 1 3 0 1 0/0 20:48 0:00 0:14
Erik Christensen 0 0 0 0 0 0 0 0 0 0 2/2 8:10 0:00 0:00
Fabian Brunnstrom 0 0 0 0 2 4 0 2 0 1 1/1 16:28 0:00 0:00
François Beauchemin 0 1 1 1 0 3 1 1 0 0 0/0 13:39 0:00 0:26
Jaromir Jagr 0 0 0 0 0 2 1 2 0 1 2/12 23:02 0:00 0:35
Jeremy Williams 0 0 0 0 0 1 1 0 0 0 0/0 8:11 0:00 0:00
Jiri Hudler 0 0 0 0 0 3 0 0 0 0 2/6 15:24 0:00 0:00
Joe Callahan 0 0 0 0 0 0 0 0 1 0 0/0 20:16 0:00 0:00
Mark Streit 0 0 0 0 0 1 2 1 1 2 0/0 29:37 0:00 0:26
Matt Stajan 1 0 1 1 0 3 1 2 0 0 1/8 18:12 0:00 0:05
Peter Worrell 0 0 0 1 0 2 3 1 0 0 0/1 19:51 0:00 0:35
Ryan Getzlaf 0 0 0 0 2 1 1 1 0 1 11/23 16:34 0:00 0:00
Scott Niedermayer 0 0 0 0 0 2 2 2 0 0 0/0 20:05 0:00 0:00
Zigmund Palffy 0 1 1 1 0 3 1 0 1 0 0/0 14:30 0:00 0:00
Players Stats for Devils
Player Name G A P +/- PIM S H SB GA TA FO MP PP MP PK MP
------------------------------------------------------------------------------------
Andrei Kostitsyn 0 0 0 0 0 2 0 1 2 1 1/1 17:27 0:25 0:00
Ben Lovejoy 0 1 1 0 0 5 2 2 0 1 0/0 28:02 0:40 0:00
Derek Roy 0 0 0 0 0 0 3 0 2 0 12/18 19:41 0:15 0:00
Doug Weight 0 0 0 0 0 1 1 0 0 0 2/4 11:18 0:00 0:00
Greg De Vries 0 0 0 0 0 2 1 2 0 0 0/0 21:56 0:40 0:00
Henrik Zetterberg 1 0 1 0 2 2 1 0 0 0 1/1 18:33 0:15 0:00
Jason Williams 0 0 0 -1 0 1 1 0 0 0 1/2 7:55 0:00 0:00
Johnny Oduya 0 0 0 0 0 1 1 3 0 2 0/0 22:56 0:00 0:00
Jonathan Ericsson 0 0 0 -1 0 0 0 1 0 0 0/0 16:28 0:00 0:00
Lee Stempniak 0 0 0 -1 0 0 2 1 0 0 0/0 11:18 0:00 0:00
Marek Zidlicky 0 0 0 -1 0 0 2 2 0 0 0/0 20:08 0:00 0:00
Marian Hossa 0 0 0 0 2 4 1 0 0 1 0/0 15:54 0:25 0:00
Matt Smaby 0 0 0 0 0 0 2 3 0 1 0/0 20:30 0:00 0:00
Peter Prucha 0 0 0 0 0 1 1 1 1 0 0/0 13:37 0:00 0:00
Ramzi Abid 0 0 0 0 0 5 0 0 0 0 2/2 18:11 0:00 0:00
Teemu Selanne 0 0 0 0 0 3 3 1 1 0 0/1 18:12 0:15 0:00
Tomas Holmstrom 0 0 0 -1 2 1 1 0 0 0 0/0 8:02 0:00 0:00
Vincent Lecavalier 0 0 0 0 0 8 1 2 2 0 16/28 23:52 0:25 0:00
3 Stars
1 - Jimmy Howard (NJD)
2 - Carey Price (Van)
3 - Matt Stajan (Van)
Power Play
Canucks - 0 on 0 Attempt(s) - 0,00%
Devils - 1 on 1 Attempt(s) - 100,00%
Penalty Kill
Canucks - 0 on 1 Attempt(s) - 0,00%
- Score 0 goal in Penalty Kill
Devils - 0 on 0 Attempt(s) - 0,00%
- Score 0 goal in Penalty Kill
Official
Referees : Morton Dean and Walkom Stephen
Linesman : Brad Lazarowich and Don Henderson
Game Notes
No Game Note
Finance
Level 1 -- Attendance: 6000 (100,00%) -- Ticket Income 522 000 $
Level 2 -- Attendance: 4950 (99,00%) -- Ticket Income 257 400 $
Level 3 -- Attendance: 1743 (87,15%) -- Ticket Income 52 290 $
Level 4 -- Attendance: 3523 (88,08%) -- Ticket Income 70 460 $
Luxury Box -- Attendance: 911 (91,10%) -- Ticket Income 154 870 $
Game was played at the The prudential Center
Total Attendance: 17127 (95,15%)
Total Ticket Income: 1 057 020 $
Other Income: 158 553 $
Total Income: 1 215 573 $
Canucks
5 vs 5 Forward
Center Left Wing Right Wing Time % Phy DF OF
1 Ryan Getzlaf Clarke MacArthur Jaromir Jagr 40 1 2 2
2 Matt Stajan Peter Worrell Zigmund Palffy 30 1 2 2
3 Jiri Hudler Fabian Brunnstrom David Jones 20 1 2 2
4 Erik Christensen Daniel Paille Jeremy Williams 10 1 2 2
5 vs 5 Defense
Defense Defense Time % Phy DF OF
1 Mark Streit Joe Callahan 40 1 2 2
2 Brent Sopel Scott Niedermayer 30 1 2 2
3 François Beauchemin Derian Hatcher 20 1 2 2
4 Mark Streit Brent Sopel 10 1 2 2
PowerPlay Forward
Center Left Wing Right Wing Time % Phy DF OF
1 Matt Stajan Clarke MacArthur Jaromir Jagr 60 1 2 2
2 Ryan Getzlaf Fabian Brunnstrom Zigmund Palffy 40 1 2 2
PowerPlay Defense
Defense Defense Time % Phy DF OF
1 Mark Streit Joe Callahan 60 1 2 2
2 Brent Sopel Scott Niedermayer 40 1 2 2
Penalty Kill 4 Players Forward
Center Wing Time % Phy DF OF
1 Jaromir Jagr Peter Worrell 60 1 2 2
2 Clarke MacArthur Matt Stajan 40 1 2 2
Penalty Kill 4 Players Defense
Defense Defense Time % Phy DF OF
1 Mark Streit François Beauchemin 60 1 2 2
2 Brent Sopel Derian Hatcher 40 1 2 2
Penalty Kill - 3 Players Forward
Forward Time % Phy DF OF
1 Jaromir Jagr 60 1 2 2
2 Peter Worrell 40 1 2 2
Penalty Kill - 3 Players Defense
Defense Defense Time % Phy DF OF
1 Mark Streit François Beauchemin 60 1 2 2
2 Brent Sopel Derian Hatcher 40 1 2 2
4 vs 4 Forward
Center Wing Time % Phy DF OF
1 Jaromir Jagr Peter Worrell 60 1 2 2
2 Clarke MacArthur Matt Stajan 40 1 2 2
4 vs 4 Defense
Defense Defense Time % Phy DF OF
1 Mark Streit Scott Niedermayer 60 1 2 2
2 Brent Sopel Derian Hatcher 40 1 2 2
Last Minutes Offensive
Center Left Wing Right Wing Defense Defense
Matt Stajan Peter Worrell Jaromir Jagr Mark Streit Scott Niedermayer
Last Minutes Defensive
Center Left Wing Right Wing Defense Defense
Matt Stajan Peter Worrell Jaromir Jagr Mark Streit Scott Niedermayer
Goaltenders
Starting : Carey Price
Backup : José Theodore
Extra Forwards
Normal : Fabian Brunnstrom, Jiri Hudler, David Jones - PP : Fabian Brunnstrom, Jiri Hudler - PK : David Jones
Extra Defensemen
Normal : François Beauchemin, Joe Callahan, Brent Sopel - PP : François Beauchemin - PK : Joe Callahan, Brent Sopel
Penalty Shots
Jaromir Jagr, Peter Worrell, Clarke MacArthur, Matt Stajan, Zigmund Palffy
Devils
5 vs 5 Forward
Center Left Wing Right Wing Time % Phy DF OF
1 Vincent Lecavalier Ramzi Abid Teemu Selanne 40 0 2 3
2 Derek Roy Henrik Zetterberg Marian Hossa 30 0 2 3
3 Doug Weight Andrei Kostitsyn Peter Prucha 20 0 2 3
4 Jason Williams Tomas Holmstrom Lee Stempniak 10 0 2 3
5 vs 5 Defense
Defense Defense Time % Phy DF OF
1 Ben Lovejoy Greg De Vries 40 1 3 1
2 Jonathan Ericsson Marek Zidlicky 30 1 3 1
3 Matt Smaby Johnny Oduya 20 1 3 1
4 Johnny Oduya Matt Smaby 10 1 3 1
PowerPlay Forward
Center Left Wing Right Wing Time % Phy DF OF
1 Vincent Lecavalier Andrei Kostitsyn Marian Hossa 60 0 1 4
2 Derek Roy Henrik Zetterberg Teemu Selanne 40 0 1 4
PowerPlay Defense
Defense Defense Time % Phy DF OF
1 Ben Lovejoy Greg De Vries 60 1 2 2
2 Marek Zidlicky Johnny Oduya 40 1 2 2
Penalty Kill 4 Players Forward
Center Wing Time % Phy DF OF
1 Doug Weight Ramzi Abid 60 1 4 0
2 Vincent Lecavalier Teemu Selanne 40 1 4 0
Penalty Kill 4 Players Defense
Defense Defense Time % Phy DF OF
1 Greg De Vries Johnny Oduya 60 1 4 0
2 Jonathan Ericsson Marek Zidlicky 40 1 4 0
Penalty Kill - 3 Players Forward
Forward Time % Phy DF OF
1 Doug Weight 60 1 4 0
2 Vincent Lecavalier 40 1 4 0
Penalty Kill - 3 Players Defense
Defense Defense Time % Phy DF OF
1 Marek Zidlicky Greg De Vries 60 1 4 0
2 Johnny Oduya Jonathan Ericsson 40 1 4 0
4 vs 4 Forward
Center Wing Time % Phy DF OF
1 Derek Roy Henrik Zetterberg 60 1 2 2
2 Vincent Lecavalier Andrei Kostitsyn 40 1 2 2
4 vs 4 Defense
Defense Defense Time % Phy DF OF
1 Johnny Oduya Ben Lovejoy 60 1 2 2
2 Matt Smaby Marek Zidlicky 40 1 2 2
Last Minutes Offensive
Center Left Wing Right Wing Defense Defense
Vincent Lecavalier Henrik Zetterberg Marian Hossa Ben Lovejoy Marek Zidlicky
Last Minutes Defensive
Center Left Wing Right Wing Defense Defense
Vincent Lecavalier Henrik Zetterberg Marian Hossa Marek Zidlicky Jonathan Ericsson
Goaltenders
Starting : Jimmy Howard
Backup : Dan Ellis
Extra Forwards
Normal : Lee Stempniak, Peter Prucha, Ramzi Abid - PP : Lee Stempniak, Peter Prucha - PK : Tomas Holmstrom
Extra Defensemen
Normal : Ben Lovejoy, Matt Smaby, Johnny Oduya - PP : Ben Lovejoy - PK : Matt Smaby, Johnny Oduya
Penalty Shots
Vincent Lecavalier, Henrik Zetterberg, Marian Hossa, Teemu Selanne, Ramzi Abid
% Time on Ice - Canucks
Lines # - Real PCT - Wanted PCT - Time Play
Normal Forward
1 - 36% - 40% - 19:03
2 - 28% - 30% - 14:47
3 - 22% - 20% - 11:59
4 - 14% - 10% - 7:34
Normal Defense
1 - 39% - 40% - 21:03
2 - 30% - 30% - 16:08
3 - 24% - 20% - 13:00
4 - 6% - 10% - 3:12
PP Forward
1 - 0% - 60%
2 - 0% - 40%
PP Defense
1 - 0% - 60%
2 - 0% - 40%
PK Forward
1 - 88% - 60% - 0:35
2 - 13% - 40% - 0:05
PK Defense
1 - 65% - 60% - 0:26
2 - 35% - 40% - 0:14
PK3 Forward
1 - 0% - 60%
2 - 0% - 40%
PK3 Defense
1 - 0% - 60%
2 - 0% - 40%
44 Forward
1 - 70% - 60% - 7:37
2 - 30% - 40% - 3:20
44 Defense
1 - 53% - 60% - 5:50
2 - 47% - 40% - 5:07
Last Minute Offensive - 0:00
Last Minute Defensive - 0:00
Total
Forward - 65:00
Defense - 65:00
|
% Time on Ice - Devils
Lines # - Real PCT - Wanted PCT - Time Play
Normal Forward
1 - 34% - 40% - 18:21
2 - 30% - 30% - 15:49
3 - 21% - 20% - 11:18
4 - 15% - 10% - 7:55
Normal Defense
1 - 40% - 40% - 21:33
2 - 30% - 30% - 15:49
3 - 20% - 20% - 10:25
4 - 10% - 10% - 5:36
PP Forward
1 - 63% - 60% - 0:25
2 - 38% - 40% - 0:15
PP Defense
1 - 100% - 60% - 0:40
2 - 0% - 40% - 0:00
PK Forward
1 - 0% - 60%
2 - 0% - 40%
PK Defense
1 - 0% - 60%
2 - 0% - 40%
PK3 Forward
1 - 0% - 60%
2 - 0% - 40%
PK3 Defense
1 - 0% - 60%
2 - 0% - 40%
44 Forward
1 - 72% - 60% - 7:51
2 - 28% - 40% - 3:06
44 Defense
1 - 61% - 60% - 6:44
2 - 39% - 40% - 4:13
Last Minute Offensive - 0:00
Last Minute Defensive - 0:00
Total
Forward - 65:00
Defense - 65:00
|
Play by Play
1st period
0:01 of 1st period - Vincent Lecavalier wins face-off versus Ryan Getzlaf in neutral zone.
0:08 of 1st period - Snap shot by Vincent Lecavalier.
0:08 of 1st period - Shot Misses the Net.
0:10 of 1st period - Slapshot by Ben Lovejoy.
0:10 of 1st period - Stopped by Carey Price with a rebound.
0:12 of 1st period - Slapshot by Ramzi Abid.
0:12 of 1st period - Stopped by Carey Price with a rebound.
1:59 of 1st period - Snap shot by Jason Williams.
1:59 of 1st period - Shot Blocked by Derian Hatcher.
2:13 of 1st period - Snap shot by Fabian Brunnstrom.
2:13 of 1st period - Stopped by Jimmy Howard with a rebound.
2:15 of 1st period - Backhand shot by Derian Hatcher.
2:15 of 1st period - Shot Blocked by Johnny Oduya.
2:17 of 1st period - Slapshot by François Beauchemin.
2:17 of 1st period - Shot Misses the Net.
2:19 of 1st period - Snap shot by Jiri Hudler.
2:19 of 1st period - Stopped by Jimmy Howard with a rebound.
2:21 of 1st period - Wrist shot by Jiri Hudler.
2:21 of 1st period - Shot Misses the Net.
2:23 of 1st period - Slapshot by Derian Hatcher.
2:23 of 1st period - Shot Misses the Net.
2:46 of 1st period - Slapshot by Scott Niedermayer.
2:46 of 1st period - Shot Blocked by Matt Smaby.
3:05 of 1st period - Snap shot by Clarke MacArthur.
3:05 of 1st period - Shot Misses the Net.
4:02 of 1st period - Jonathan Ericsson is hit by Jeremy Williams and loses puck.
4:23 of 1st period - Wrist shot by Jason Williams.
4:23 of 1st period - Stopped by Carey Price with a rebound.
4:46 of 1st period - Snap shot by Matt Stajan.
4:46 of 1st period - Shot Blocked by Greg De Vries.
4:48 of 1st period - Wrist shot by Matt Stajan.
4:48 of 1st period - Stopped by Jimmy Howard with a rebound.
4:50 of 1st period - Wrist shot by Zigmund Palffy.
4:50 of 1st period - Shot Misses the Net.
5:06 of 1st period - Snap shot by Henrik Zetterberg.
5:06 of 1st period - Shot Misses the Net.
5:08 of 1st period - Slapshot by Marian Hossa.
5:08 of 1st period - Shot Misses the Net.
5:29 of 1st period - Snap shot by Vincent Lecavalier.
5:29 of 1st period - Shot Blocked by Mark Streit.
5:50 of 1st period - Wrist shot by Jeremy Williams.
5:50 of 1st period - Shot Blocked by Matt Smaby.
6:18 of 1st period - Off-side.
6:19 of 1st period - Vincent Lecavalier wins face-off versus Matt Stajan in neutral zone.
6:45 of 1st period - Off-side.
6:46 of 1st period - Ryan Getzlaf wins face-off versus Derek Roy in neutral zone.
6:49 of 1st period - Ben Lovejoy is hit by Ryan Getzlaf and loses puck.
6:54 of 1st period - Snap shot by Clarke MacArthur.
6:54 of 1st period - Shot Misses the Net.
6:56 of 1st period - Slapshot by François Beauchemin.
6:56 of 1st period - Shot Misses the Net.
7:00 of 1st period - Slapshot by Clarke MacArthur.
7:00 of 1st period - Stopped by Jimmy Howard without a rebound.
7:01 of 1st period - Vincent Lecavalier wins face-off versus Matt Stajan in Devils zone.
7:10 of 1st period - Wrist shot by Vincent Lecavalier.
7:10 of 1st period - Stopped by Carey Price with a rebound.
7:26 of 1st period - Ryan Getzlaf is hit by Ben Lovejoy and loses puck.
7:53 of 1st period - Matt Smaby is hit by François Beauchemin and loses puck.
8:08 of 1st period - Snap shot by Zigmund Palffy.
8:08 of 1st period - Deflect By Matt Stajan.
8:08 of 1st period - Goal by Matt Stajan - Canucks : 1 - Devils : 0.
8:09 of 1st period - Vincent Lecavalier wins face-off versus Ryan Getzlaf in neutral zone.
8:14 of 1st period - Wrist shot by Ramzi Abid.
8:14 of 1st period - Stopped by Carey Price without a rebound.
8:15 of 1st period - Ryan Getzlaf wins face-off versus Vincent Lecavalier in Canucks zone.
8:47 of 1st period - Wrist shot by Teemu Selanne.
8:47 of 1st period - Stopped by Carey Price without a rebound.
8:48 of 1st period - Matt Stajan wins face-off versus Derek Roy in Canucks zone.
8:57 of 1st period - Snap shot by Peter Worrell.
8:57 of 1st period - Deflect By Matt Stajan.
8:57 of 1st period - Shot Misses the Net.
8:57 of 1st period - Puck is out of play.
8:58 of 1st period - Derek Roy wins face-off versus Matt Stajan in Devils zone.
8:58 of 1st period - Derek Roy is hit by Peter Worrell.
9:40 of 1st period - Snap shot by Henrik Zetterberg.
9:40 of 1st period - Shot Blocked by Matt Stajan.
9:42 of 1st period - Slapshot by Greg De Vries.
9:42 of 1st period - Deflect By Matt Stajan.
9:42 of 1st period - Stopped by Carey Price with a rebound.
9:44 of 1st period - Snap shot by Ben Lovejoy.
9:44 of 1st period - Stopped by Carey Price with a rebound.
10:42 of 1st period - Henrik Zetterberg is hit by Brent Sopel and loses puck.
10:54 of 1st period - Snap shot by Marian Hossa.
10:54 of 1st period - Stopped by Carey Price without a rebound.
10:55 of 1st period - Vincent Lecavalier wins face-off versus Ryan Getzlaf in Canucks zone.
11:10 of 1st period - Snap shot by Clarke MacArthur.
11:10 of 1st period - Shot Misses the Net.
12:05 of 1st period - Wrist shot by Vincent Lecavalier.
12:05 of 1st period - Stopped by Carey Price without a rebound.
12:06 of 1st period - Vincent Lecavalier wins face-off versus Ryan Getzlaf in Canucks zone.
12:19 of 1st period - Snap shot by Ramzi Abid.
12:19 of 1st period - Stopped by Carey Price with a rebound.
12:25 of 1st period - Derian Hatcher is hit by Marek Zidlicky and loses puck.
12:55 of 1st period - Vincent Lecavalier is hit by Clarke MacArthur and loses puck.
13:02 of 1st period - Slapshot by Ryan Getzlaf.
13:02 of 1st period - Shot Blocked by Teemu Selanne.
13:04 of 1st period - Snap shot by Jaromir Jagr.
13:04 of 1st period - Shot Misses the Net.
13:25 of 1st period - Vincent Lecavalier is hit by Scott Niedermayer and loses puck.
13:36 of 1st period - Ryan Getzlaf is hit by Johnny Oduya and loses puck.
14:03 of 1st period - Snap shot by Vincent Lecavalier.
14:03 of 1st period - Shot Misses the Net.
14:05 of 1st period - Slapshot by Teemu Selanne.
14:05 of 1st period - Shot Blocked by Jaromir Jagr.
14:07 of 1st period - Slapshot by Ben Lovejoy.
14:07 of 1st period - Stopped by Carey Price with a rebound.
14:09 of 1st period - Snap shot by Ramzi Abid.
14:09 of 1st period - Shot Blocked by Scott Niedermayer.
14:11 of 1st period - Slapshot by Teemu Selanne.
14:11 of 1st period - Shot Blocked by Ryan Getzlaf.
14:13 of 1st period - Slapshot by Johnny Oduya.
14:13 of 1st period - Shot Misses the Net.
14:17 of 1st period - Snap shot by Teemu Selanne.
14:17 of 1st period - Deflect By Vincent Lecavalier.
14:17 of 1st period - Stopped by Carey Price without a rebound.
14:18 of 1st period - Fabian Brunnstrom wins face-off versus Doug Weight in Canucks zone.
15:07 of 1st period - Wrist shot by Jason Williams.
15:07 of 1st period - Shot Blocked by François Beauchemin.
16:20 of 1st period - Joe Callahan is hit by Lee Stempniak and loses puck.
17:03 of 1st period - Henrik Zetterberg is hit by Daniel Paille and loses puck.
17:20 of 1st period - Marek Zidlicky is hit by Peter Worrell and loses puck.
19:43 of 1st period - Peter Worrell is hit by Doug Weight and loses puck.
2nd period
0:01 of 2nd period - Ramzi Abid wins face-off versus Ryan Getzlaf in neutral zone.
0:14 of 2nd period - Wrist shot by Vincent Lecavalier.
0:14 of 2nd period - Shot Misses the Net.
0:16 of 2nd period - Snap shot by Teemu Selanne.
0:16 of 2nd period - Stopped by Carey Price with a rebound.
1:42 of 2nd period - Jaromir Jagr is hit by Henrik Zetterberg and loses puck.
1:59 of 2nd period - Wrist shot by Fabian Brunnstrom.
1:59 of 2nd period - Shot Misses the Net.
2:01 of 2nd period - Wrist shot by Fabian Brunnstrom.
2:01 of 2nd period - Deflect By Marek Zidlicky.
2:01 of 2nd period - Shot Blocked by Jonathan Ericsson.
2:01 of 2nd period - Puck is out of play.
2:02 of 2nd period - Doug Weight wins face-off versus Matt Stajan in Devils zone.
2:11 of 2nd period - Off-side.
2:12 of 2nd period - Vincent Lecavalier wins face-off versus Matt Stajan in neutral zone.
2:24 of 2nd period - Snap shot by Peter Worrell.
2:24 of 2nd period - Shot Misses the Net.
2:26 of 2nd period - Snap shot by Mark Streit.
2:26 of 2nd period - Shot Blocked by Ben Lovejoy.
2:30 of 2nd period - Wrist shot by Matt Stajan.
2:30 of 2nd period - Shot Misses the Net.
2:32 of 2nd period - Snap shot by Zigmund Palffy.
2:32 of 2nd period - Stopped by Jimmy Howard with a rebound.
2:34 of 2nd period - Backhand shot by Brent Sopel.
2:34 of 2nd period - Stopped by Jimmy Howard with a rebound.
2:36 of 2nd period - Wrist shot by Matt Stajan.
2:36 of 2nd period - Shot Misses the Net.
2:38 of 2nd period - Snap shot by Matt Stajan.
2:38 of 2nd period - Stopped by Jimmy Howard without a rebound.
2:39 of 2nd period - Derek Roy wins face-off versus Ryan Getzlaf in Devils zone.
2:39 of 2nd period - Derek Roy is hit by Clarke MacArthur.
3:04 of 2nd period - Fabian Brunnstrom is hit by Matt Smaby and loses puck.
3:20 of 2nd period - Icing by Johnny Oduya.
3:21 of 2nd period - Vincent Lecavalier wins face-off versus Peter Worrell in Devils zone.
5:09 of 2nd period - Snap shot by Peter Worrell.
5:09 of 2nd period - Stopped by Jimmy Howard without a rebound.
5:10 of 2nd period - Ryan Getzlaf wins face-off versus Derek Roy in Devils zone.
5:28 of 2nd period - Minor Penalty to Henrik Zetterberg for Hooking.
5:28 of 2nd period - Minor Penalty to Ryan Getzlaf for Slashing.
5:29 of 2nd period - Derek Roy wins face-off versus Jaromir Jagr in neutral zone.
5:32 of 2nd period - Fabian Brunnstrom is hit by Greg De Vries and loses puck.
5:37 of 2nd period - Snap shot by Lee Stempniak.
5:37 of 2nd period - Deflect By Derek Roy.
5:37 of 2nd period - Shot Misses the Net.
5:37 of 2nd period - Puck is out of play.
5:38 of 2nd period - Jaromir Jagr wins face-off versus Derek Roy in Canucks zone.
5:49 of 2nd period - Snap shot by Jaromir Jagr.
5:49 of 2nd period - Shot Misses the Net.
6:41 of 2nd period - Wrist shot by Lee Stempniak.
6:41 of 2nd period - Shot Blocked by Jaromir Jagr.
6:43 of 2nd period - Wrist shot by Derek Roy.
6:43 of 2nd period - Shot Blocked by Brent Sopel.
6:45 of 2nd period - Snap shot by Lee Stempniak.
6:45 of 2nd period - Shot Misses the Net.
6:47 of 2nd period - Wrist shot by Derek Roy.
6:47 of 2nd period - Shot Blocked by Fabian Brunnstrom.
6:49 of 2nd period - Slapshot by Ben Lovejoy.
6:49 of 2nd period - Deflect By Jaromir Jagr.
6:49 of 2nd period - Stopped by Carey Price with a rebound.
6:51 of 2nd period - Slapshot by Greg De Vries.
6:51 of 2nd period - Stopped by Carey Price without a rebound.
6:52 of 2nd period - Clarke MacArthur wins face-off versus Vincent Lecavalier in Canucks zone.
7:01 of 2nd period - Icing by Scott Niedermayer.
7:02 of 2nd period - Clarke MacArthur wins face-off versus Vincent Lecavalier in Canucks zone.
7:28 of 2nd period - Penalty to Henrik Zetterberg is over, Henrik Zetterberg is back on ice.
7:28 of 2nd period - Penalty to Ryan Getzlaf is over, Ryan Getzlaf is back on ice.
7:37 of 2nd period - Matt Smaby is hit by Clarke MacArthur and loses puck.
7:43 of 2nd period - Off-side.
7:44 of 2nd period - Derek Roy wins face-off versus Daniel Paille in neutral zone.
8:05 of 2nd period - Slapshot by Tomas Holmstrom.
8:05 of 2nd period - Stopped by Carey Price with a rebound.
8:43 of 2nd period - Henrik Zetterberg is hit by Daniel Paille and loses puck.
9:16 of 2nd period - Off-side.
9:17 of 2nd period - Jason Williams wins face-off versus Jiri Hudler in neutral zone.
9:42 of 2nd period - Scott Niedermayer is hit by Teemu Selanne and loses puck.
10:21 of 2nd period - Daniel Paille is hit by Derek Roy and loses puck.
10:44 of 2nd period - Slapshot by Scott Niedermayer.
10:44 of 2nd period - Shot Blocked by Lee Stempniak.
10:46 of 2nd period - Snap shot by Jaromir Jagr.
10:46 of 2nd period - Shot Misses the Net.
10:48 of 2nd period - Slapshot by Brent Sopel.
10:48 of 2nd period - Stopped by Jimmy Howard with a rebound.
10:50 of 2nd period - Snap shot by Brent Sopel.
10:50 of 2nd period - Stopped by Jimmy Howard without a rebound.
10:51 of 2nd period - Ryan Getzlaf wins face-off versus Vincent Lecavalier in Devils zone.
11:20 of 2nd period - Andrei Kostitsyn is hit by David Jones and loses puck.
12:20 of 2nd period - Brent Sopel is hit by Teemu Selanne and loses puck.
12:27 of 2nd period - Slapshot by Scott Niedermayer.
12:27 of 2nd period - Stopped by Jimmy Howard without a rebound.
12:28 of 2nd period - Derek Roy wins face-off versus Ryan Getzlaf in Devils zone.
13:22 of 2nd period - Wrist shot by Peter Prucha.
13:22 of 2nd period - Shot Misses the Net.
13:46 of 2nd period - Jonathan Ericsson is hit by Matt Stajan and loses puck.
14:01 of 2nd period - Snap shot by Zigmund Palffy.
14:01 of 2nd period - Stopped by Jimmy Howard with a rebound.
14:03 of 2nd period - Slapshot by Brent Sopel.
14:03 of 2nd period - Stopped by Jimmy Howard with a rebound.
14:05 of 2nd period - Snap shot by Zigmund Palffy.
14:05 of 2nd period - Stopped by Jimmy Howard with a rebound.
14:07 of 2nd period - Slapshot by Brent Sopel.
14:07 of 2nd period - Stopped by Jimmy Howard without a rebound.
14:08 of 2nd period - Ryan Getzlaf wins face-off versus Vincent Lecavalier in Devils zone.
14:17 of 2nd period - Mark Streit is hit by Ben Lovejoy and loses puck.
14:24 of 2nd period - Slapshot by Ramzi Abid.
14:24 of 2nd period - Stopped by Carey Price without a rebound.
14:25 of 2nd period - Jiri Hudler wins face-off versus Derek Roy in Canucks zone.
14:30 of 2nd period - Slapshot by Brent Sopel.
14:30 of 2nd period - Stopped by Jimmy Howard with a rebound.
14:32 of 2nd period - Slapshot by Fabian Brunnstrom.
14:32 of 2nd period - Stopped by Jimmy Howard with a rebound.
14:34 of 2nd period - Wrist shot by Jiri Hudler.
14:34 of 2nd period - Stopped by Jimmy Howard with a rebound.
14:36 of 2nd period - Wrist shot by Jiri Hudler.
14:36 of 2nd period - Stopped by Jimmy Howard without a rebound.
14:37 of 2nd period - Ryan Getzlaf wins face-off versus Vincent Lecavalier in Devils zone.
14:40 of 2nd period - Wrist shot by Jaromir Jagr.
14:40 of 2nd period - Shot Blocked by Vincent Lecavalier.
14:42 of 2nd period - Wrist shot by Ryan Getzlaf.
14:42 of 2nd period - Stopped by Jimmy Howard with a rebound.
14:57 of 2nd period - Minor Penalty to David Jones for Roughing.
14:58 of 2nd period - Andrei Kostitsyn wins face-off versus Jaromir Jagr in Canucks zone.
15:13 of 2nd period - Wrist shot by Marian Hossa.
15:13 of 2nd period - Stopped by Carey Price with a rebound.
15:37 of 2nd period - Snap shot by Henrik Zetterberg.
15:37 of 2nd period - Goal by Henrik Zetterberg - Canucks : 1 - Devils : 1.
15:38 of 2nd period - Ryan Getzlaf wins face-off versus Vincent Lecavalier in neutral zone.
15:45 of 2nd period - Slapshot by Jaromir Jagr.
15:45 of 2nd period - Shot Blocked by Greg De Vries.
15:47 of 2nd period - Snap shot by Ryan Getzlaf.
15:47 of 2nd period - Shot Misses the Net.
15:49 of 2nd period - Backhand shot by Mark Streit.
15:49 of 2nd period - Stopped by Jimmy Howard with a rebound.
15:51 of 2nd period - Slapshot by Mark Streit.
15:51 of 2nd period - Shot Blocked by Ben Lovejoy.
15:53 of 2nd period - Snap shot by Clarke MacArthur.
15:53 of 2nd period - Stopped by Jimmy Howard without a rebound.
15:54 of 2nd period - Derek Roy wins face-off versus Jiri Hudler in Devils zone.
15:59 of 2nd period - Mark Streit is hit by Derek Roy and loses puck.
16:04 of 2nd period - Wrist shot by Marian Hossa.
16:04 of 2nd period - Stopped by Carey Price without a rebound.
16:05 of 2nd period - Vincent Lecavalier wins face-off versus Ryan Getzlaf in Canucks zone.
16:06 of 2nd period - Slapshot by Teemu Selanne.
16:06 of 2nd period - Stopped by Carey Price with a rebound.
17:21 of 2nd period - Off-side.
17:22 of 2nd period - Vincent Lecavalier wins face-off versus Jaromir Jagr in neutral zone.
17:31 of 2nd period - Snap shot by Teemu Selanne.
17:31 of 2nd period - Shot Misses the Net.
18:01 of 2nd period - Wrist shot by Fabian Brunnstrom.
18:01 of 2nd period - Shot Misses the Net.
18:03 of 2nd period - Slapshot by François Beauchemin.
18:03 of 2nd period - Stopped by Jimmy Howard with a rebound.
18:15 of 2nd period - Andrei Kostitsyn is hit by Derian Hatcher.
18:47 of 2nd period - Snap shot by Erik Christensen.
18:47 of 2nd period - Shot Blocked by Marek Zidlicky.
19:03 of 2nd period - Wrist shot by Vincent Lecavalier.
19:03 of 2nd period - Shot Blocked by Clarke MacArthur.
19:15 of 2nd period - Jiri Hudler is hit by Marek Zidlicky and loses puck.
19:34 of 2nd period - Wrist shot by Andrei Kostitsyn.
19:34 of 2nd period - Stopped by Carey Price with a rebound.
19:36 of 2nd period - Slapshot by Marek Zidlicky.
19:36 of 2nd period - Shot Blocked by Brent Sopel.
19:47 of 2nd period - Icing by Brent Sopel.
19:48 of 2nd period - Vincent Lecavalier wins face-off versus Matt Stajan in Canucks zone.
3rd period
0:01 of 3rd period - Ramzi Abid wins face-off versus Ryan Getzlaf in neutral zone.
0:26 of 3rd period - David Jones is hit by Marian Hossa and loses puck.
0:30 of 3rd period - Minor Penalty to Marian Hossa for Slashing.
0:30 of 3rd period - Minor Penalty to Fabian Brunnstrom for Hooking.
0:31 of 3rd period - Derek Roy wins face-off versus Jaromir Jagr in Canucks zone.
0:34 of 3rd period - Snap shot by Derek Roy.
0:34 of 3rd period - Shot Misses the Net.
1:14 of 3rd period - Icing by Andrei Kostitsyn.
1:15 of 3rd period - Vincent Lecavalier wins face-off versus Jaromir Jagr in Devils zone.
1:28 of 3rd period - Slapshot by Andrei Kostitsyn.
1:28 of 3rd period - Stopped by Carey Price with a rebound.
1:30 of 3rd period - Wrist shot by Vincent Lecavalier.
1:30 of 3rd period - Shot Misses the Net.
1:32 of 3rd period - Snap shot by Andrei Kostitsyn.
1:32 of 3rd period - Deflect By Vincent Lecavalier.
1:32 of 3rd period - Shot Blocked by Brent Sopel.
1:32 of 3rd period - Puck is out of play.
1:33 of 3rd period - Jaromir Jagr wins face-off versus Derek Roy in Canucks zone.
2:30 of 3rd period - Penalty to Marian Hossa is over, Marian Hossa is back on ice.
2:30 of 3rd period - Penalty to Fabian Brunnstrom is over, Fabian Brunnstrom is back on ice.
2:54 of 3rd period - Slapshot by Fabian Brunnstrom.
2:54 of 3rd period - Stopped by Jimmy Howard with a rebound.
3:26 of 3rd period - Wrist shot by Vincent Lecavalier.
3:26 of 3rd period - Stopped by Carey Price with a rebound.
3:28 of 3rd period - Wrist shot by Ben Lovejoy.
3:28 of 3rd period - Stopped by Carey Price with a rebound.
3:30 of 3rd period - Snap shot by Ben Lovejoy.
3:30 of 3rd period - Shot Blocked by Derian Hatcher.
3:54 of 3rd period - Wrist shot by Fabian Brunnstrom.
3:54 of 3rd period - Stopped by Jimmy Howard with a rebound.
4:26 of 3rd period - Wrist shot by David Jones.
4:26 of 3rd period - Stopped by Jimmy Howard with a rebound.
4:37 of 3rd period - Off-side.
4:38 of 3rd period - Ryan Getzlaf wins face-off versus Jason Williams in neutral zone.
5:30 of 3rd period - Snap shot by Peter Worrell.
5:30 of 3rd period - Stopped by Jimmy Howard with a rebound.
5:39 of 3rd period - Minor Penalty to Tomas Holmstrom for Tripping.
5:39 of 3rd period - Minor Penalty to Daniel Paille for Holding.
5:40 of 3rd period - Derek Roy wins face-off versus Jaromir Jagr in neutral zone.
6:13 of 3rd period - Matt Smaby is hit by Mark Streit and loses puck.
6:42 of 3rd period - Wrist shot by Lee Stempniak.
6:42 of 3rd period - Shot Misses the Net.
6:44 of 3rd period - Wrist shot by Peter Prucha.
6:44 of 3rd period - Stopped by Carey Price with a rebound.
6:46 of 3rd period - Slapshot by Peter Prucha.
6:46 of 3rd period - Deflect By Lee Stempniak.
6:46 of 3rd period - Shot Misses the Net.
6:46 of 3rd period - Puck is out of play.
6:47 of 3rd period - Derek Roy wins face-off versus Jaromir Jagr in Canucks zone.
7:19 of 3rd period - Peter Worrell is hit by Lee Stempniak and loses puck.
7:30 of 3rd period - Greg De Vries is hit by Brent Sopel and loses puck.
7:39 of 3rd period - Penalty to Tomas Holmstrom is over, Tomas Holmstrom is back on ice.
7:39 of 3rd period - Penalty to Daniel Paille is over, Daniel Paille is back on ice.
7:46 of 3rd period - Slapshot by Jeremy Williams.
7:46 of 3rd period - Stopped by Jimmy Howard without a rebound.
7:47 of 3rd period - Erik Christensen wins face-off versus Teemu Selanne in Devils zone.
8:03 of 3rd period - Slapshot by Joe Callahan.
8:03 of 3rd period - Shot Blocked by Marek Zidlicky.
8:19 of 3rd period - Erik Christensen is hit by Peter Prucha and loses puck.
8:38 of 3rd period - Wrist shot by Jaromir Jagr.
8:38 of 3rd period - Stopped by Jimmy Howard with a rebound.
8:40 of 3rd period - Slapshot by Mark Streit.
8:40 of 3rd period - Shot Blocked by Johnny Oduya.
8:42 of 3rd period - Slapshot by Joe Callahan.
8:42 of 3rd period - Shot Blocked by Matt Smaby.
8:44 of 3rd period - Slapshot by Joe Callahan.
8:44 of 3rd period - Deflect By Jaromir Jagr.
8:44 of 3rd period - Shot Misses the Net.
8:44 of 3rd period - Puck is out of play.
8:45 of 3rd period - Vincent Lecavalier wins face-off versus Ryan Getzlaf in Devils zone.
9:41 of 3rd period - Snap shot by Fabian Brunnstrom.
9:41 of 3rd period - Shot Blocked by Peter Prucha.
9:51 of 3rd period - Doug Weight is hit by David Jones and loses puck.
10:12 of 3rd period - Snap shot by Andrei Kostitsyn.
10:12 of 3rd period - Shot Misses the Net.
10:16 of 3rd period - Snap shot by Peter Prucha.
10:16 of 3rd period - Deflect By Doug Weight.
10:16 of 3rd period - Shot Misses the Net.
10:16 of 3rd period - Puck is out of play.
10:17 of 3rd period - Ryan Getzlaf wins face-off versus Vincent Lecavalier in Canucks zone.
10:22 of 3rd period - Wrist shot by Jaromir Jagr.
10:22 of 3rd period - Stopped by Jimmy Howard without a rebound.
10:23 of 3rd period - Vincent Lecavalier wins face-off versus Ryan Getzlaf in Devils zone.
10:34 of 3rd period - Wrist shot by Teemu Selanne.
10:34 of 3rd period - Deflect By Vincent Lecavalier.
10:34 of 3rd period - Stopped by Carey Price with a rebound.
10:40 of 3rd period - Vincent Lecavalier is hit by Clarke MacArthur and loses puck.
10:49 of 3rd period - Snap shot by Clarke MacArthur.
10:49 of 3rd period - Stopped by Jimmy Howard without a rebound.
10:50 of 3rd period - Derek Roy wins face-off versus Matt Stajan in Devils zone.
13:06 of 3rd period - Backhand shot by Doug Weight.
13:06 of 3rd period - Stopped by Carey Price with a rebound.
13:26 of 3rd period - Derian Hatcher is hit by Jason Williams.
13:48 of 3rd period - Slapshot by Johnny Oduya.
13:48 of 3rd period - Shot Blocked by Peter Worrell.
13:50 of 3rd period - Snap shot by Derek Roy.
13:50 of 3rd period - Shot Blocked by Matt Stajan.
13:52 of 3rd period - Snap shot by Marian Hossa.
13:52 of 3rd period - Shot Misses the Net.
13:54 of 3rd period - Wrist shot by Marian Hossa.
13:54 of 3rd period - Stopped by Carey Price with a rebound.
13:56 of 3rd period - Slapshot by Henrik Zetterberg.
13:56 of 3rd period - Shot Misses the Net.
14:06 of 3rd period - Backhand shot by Derian Hatcher.
14:06 of 3rd period - Stopped by Jimmy Howard with a rebound.
14:08 of 3rd period - Slapshot by François Beauchemin.
14:08 of 3rd period - Stopped by Jimmy Howard without a rebound.
14:09 of 3rd period - Vincent Lecavalier wins face-off versus Jiri Hudler in Devils zone.
14:14 of 3rd period - Wrist shot by Vincent Lecavalier.
14:14 of 3rd period - Shot Blocked by Fabian Brunnstrom.
14:24 of 3rd period - Snap shot by Vincent Lecavalier.
14:24 of 3rd period - Stopped by Carey Price with a rebound.
14:26 of 3rd period - Slapshot by Vincent Lecavalier.
14:26 of 3rd period - Deflect By Ramzi Abid.
14:26 of 3rd period - Deflect By Scott Niedermayer.
14:26 of 3rd period - Stopped by Carey Price without a rebound.
14:27 of 3rd period - Doug Weight wins face-off versus Ryan Getzlaf in Canucks zone.
14:35 of 3rd period - Icing by Joe Callahan.
14:36 of 3rd period - Ryan Getzlaf wins face-off versus Doug Weight in Canucks zone.
15:07 of 3rd period - Slapshot by Andrei Kostitsyn.
15:07 of 3rd period - Shot Misses the Net.
15:09 of 3rd period - Slapshot by Johnny Oduya.
15:09 of 3rd period - Stopped by Carey Price with a rebound.
15:37 of 3rd period - Off-side.
15:38 of 3rd period - Vincent Lecavalier wins face-off versus Jiri Hudler in neutral zone.
15:42 of 3rd period - Off-side.
15:43 of 3rd period - Jiri Hudler wins face-off versus Vincent Lecavalier in neutral zone.
15:58 of 3rd period - Snap shot by Vincent Lecavalier.
15:58 of 3rd period - Stopped by Carey Price with a rebound.
16:32 of 3rd period - Fabian Brunnstrom is hit by Teemu Selanne and loses puck.
16:51 of 3rd period - Jiri Hudler is hit by Tomas Holmstrom and loses puck.
17:39 of 3rd period - Snap shot by Jiri Hudler.
17:39 of 3rd period - Shot Blocked by Andrei Kostitsyn.
17:41 of 3rd period - Snap shot by Fabian Brunnstrom.
17:41 of 3rd period - Shot Misses the Net.
17:43 of 3rd period - Slapshot by François Beauchemin.
17:43 of 3rd period - Stopped by Jimmy Howard without a rebound.
17:44 of 3rd period - Ryan Getzlaf wins face-off versus Vincent Lecavalier in Devils zone.
18:09 of 3rd period - Matt Smaby is hit by Mark Streit and loses puck.
18:22 of 3rd period - Doug Weight is hit by Zigmund Palffy and loses puck.
18:47 of 3rd period - Marian Hossa is hit by Jaromir Jagr and loses puck.
19:52 of 3rd period - Icing by Mark Streit.
19:53 of 3rd period - Erik Christensen wins face-off versus Vincent Lecavalier in Canucks zone.
Overtime #1
0:01 of 1st overtime period - Derek Roy wins face-off versus Jaromir Jagr in neutral zone.
0:12 of 1st overtime period - Snap shot by Henrik Zetterberg.
0:12 of 1st overtime period - Stopped by Carey Price with a rebound.
0:14 of 1st overtime period - Snap shot by Derek Roy.
0:14 of 1st overtime period - Shot Blocked by Scott Niedermayer.
0:23 of 1st overtime period - Icing by Scott Niedermayer.
0:24 of 1st overtime period - Derek Roy wins face-off versus Jaromir Jagr in Canucks zone.
0:47 of 1st overtime period - Clarke MacArthur is hit by Vincent Lecavalier and loses puck.
0:58 of 1st overtime period - Wrist shot by Clarke MacArthur.
0:58 of 1st overtime period - Stopped by Jimmy Howard with a rebound.
1:00 of 1st overtime period - Slapshot by Derian Hatcher.
1:00 of 1st overtime period - Deflect By Clarke MacArthur.
1:00 of 1st overtime period - Shot Misses the Net.
1:00 of 1st overtime period - Puck is out of play.
1:01 of 1st overtime period - Henrik Zetterberg wins face-off versus Jaromir Jagr in Devils zone.
1:08 of 1st overtime period - Snap shot by Jaromir Jagr.
1:08 of 1st overtime period - Shot Misses the Net.
1:25 of 1st overtime period - Icing by Mark Streit.
1:26 of 1st overtime period - Clarke MacArthur wins face-off versus Vincent Lecavalier in Canucks zone.
1:32 of 1st overtime period - Slapshot by Scott Niedermayer.
1:32 of 1st overtime period - Shot Blocked by Vincent Lecavalier.
1:34 of 1st overtime period - Snap shot by Scott Niedermayer.
1:34 of 1st overtime period - Deflect By Vincent Lecavalier.
1:34 of 1st overtime period - Stopped by Jimmy Howard with a rebound.
1:36 of 1st overtime period - Slapshot by Scott Niedermayer.
1:36 of 1st overtime period - Shot Blocked by Johnny Oduya.
1:38 of 1st overtime period - Backhand shot by Scott Niedermayer.
1:38 of 1st overtime period - Shot Hit the Post.
2:02 of 1st overtime period - Snap shot by Derek Roy.
2:02 of 1st overtime period - Shot Blocked by Derian Hatcher.
2:37 of 1st overtime period - Fabian Brunnstrom is hit by Matt Smaby.
2:53 of 1st overtime period - Wrist shot by Clarke MacArthur.
2:53 of 1st overtime period - Stopped by Jimmy Howard with a rebound.
2:57 of 1st overtime period - Wrist shot by Clarke MacArthur.
2:57 of 1st overtime period - Shot Misses the Net.
2:59 of 1st overtime period - Wrist shot by Derian Hatcher.
2:59 of 1st overtime period - Shot Misses the Net.
3:19 of 1st overtime period - Lee Stempniak is hit by Peter Worrell and loses puck.
3:34 of 1st overtime period - Johnny Oduya is hit by Scott Niedermayer and loses puck.
3:55 of 1st overtime period - Snap shot by Johnny Oduya.
3:55 of 1st overtime period - Deflect By Vincent Lecavalier.
3:55 of 1st overtime period - Stopped by Carey Price with a rebound.
4:30 of 1st overtime period - Brent Sopel is hit by Derek Roy and loses puck.
ShootOut
5:00 of 1st overtime period - Penalty Shot by Jaromir Jagr for Canucks.
5:00 of 1st overtime period - Deke by Jaromir Jagr.
5:00 of 1st overtime period - Stopped by Jimmy Howard.
5:00 of 1st overtime period - Penalty Shot by Vincent Lecavalier for Devils.
5:00 of 1st overtime period - Snap shot by Vincent Lecavalier.
5:00 of 1st overtime period - Goal by Vincent Lecavalier.
5:00 of 1st overtime period - Penalty Shot by Peter Worrell for Canucks.
5:00 of 1st overtime period - Snap shot by Peter Worrell.
5:00 of 1st overtime period - Stopped by Jimmy Howard.
5:00 of 1st overtime period - Penalty Shot by Henrik Zetterberg for Devils.
5:00 of 1st overtime period - Snap shot by Henrik Zetterberg.
5:00 of 1st overtime period - Goal by Henrik Zetterberg.
Output by the SimonT Hockey Simulator (STHS) for François Prévost -- Original Page W3C XHTML 1.0 Valid